 Dungeon Crawl Stone Soup version 0.30-b1-2-g02819fbbbe (webtiles) character file.

Game seed: 4520865661801966713

506 Metae the Shield-Bearer (level 6, 0/56 HPs)
             Began as a Minotaur Fighter on June 19, 2023.
             Succumbed to Duvessa's poison
             ... on level 4 of the Dungeon.
             The game lasted 00:05:49 (2992 turns).

Metae the Shield-Bearer (Minotaur Fighter)          Turns: 2992, Time: 00:05:49

Health: 0/56       AC: 11    Str: 23    XL:     6   Next: 97%
Magic:  5/5        EV: 14    Int:  5    God:
Gold:   148        SH:  5    Dex:  9    Spells: 5/5 levels left

rFire   . . .        a - +0 flail
rCold   . . .        c - +0 buckler
rNeg    . . .        A - +3 scale mail
rPois   .            (helmet restricted)
rElec   .            w - +0 cloak
rCorr   .            (no gloves)
SInv    .            (no boots)
Will    +....        (no amulet) Stlth
                     f - +5 ring of evasion
HPRegen 0.29/turn    e - ring of willpower
MPRegen 0.09/turn

%: no passive effects
@: lethally poisoned (0 -> -18), flying
A: horns 2, retaliatory headbutt
a: no special abilities


You were on level 4 of the Dungeon.
You visited 1 branch of the dungeon, and saw 4 of its levels.

You collected 176 gold pieces.
You spent 28 gold pieces at shops.

Inventory:

Hand Weapons
 a - a +0 flail (weapon)
 j - a +0 sling
Missiles
 g - 60 stones (quivered)
Armour
 c - a +0 buckler (worn)
 w - a +0 cloak (worn)
 A - a +3 scale mail (worn)
Jewellery
 e - a ring of willpower (right hand)
 f - a +5 ring of evasion (left hand)
 m - a ring of magical power
 E - a ring of wizardry
Scrolls
 k - a scroll of teleportation {unknown}
 l - 2 scrolls of vulnerability {unknown}
 n - a scroll of enchant weapon {unknown}
 o - 2 scrolls of acquirement {unknown}
 s - a scroll of enchant armour {unknown}
 t - a scroll of fear {unknown}
 x - a scroll of summoning {unknown}
 y - a scroll of noise {unknown}
 B - 4 scrolls of identify
 C - a scroll of amnesia {unknown}
 D - a scroll of poison {unknown}
Potions
 b - a potion of cancellation {unknown}
 d - a potion of might
 h - a potion of degeneration {unknown}
 i - a potion of heal wounds {unknown}
 p - a potion of brilliance {unknown}
 q - a potion of flight
 r - a potion of invisibility {unknown}
 u - a potion of lignification {unknown}
 v - 2 potions of curing {unknown}
 z - a potion of magic {unknown}


   Skills:
 + Level 5.6 Fighting
 + Level 5.0 Maces & Flails
 + Level 5.6 Armour
 + Level 5.7 Shields


You had 5 spell levels left.
You didn't know any spells.
Your spell library contained the following spells:

 Spells                   Type           Power      Damage    Failure   Level
 Call Canine Familiar     Summ           0%         N/A       99%         3
 Portal Projectile        Hex/Tloc       0%         N/A       99%         3
 Leda's Liquefaction      Hex/Erth       0%         N/A       100%        4


Dungeon Overview and Level Annotations

Branches:
Dungeon (4/15)
 Temple: D:4-7

Altars:
Nemelex Xobeh
Yredelemnul
The Shining One

Shops:
D:3 *

Annotations:
D:4 Dowan, Duvessa


Innate Abilities, Weirdness & Mutations

You have a pair of horns on your head.
You reflexively headbutt those who attack you in melee.


Message History

Duvessa hits you with a +3 short sword of venom.
You are poisoned.
Dowan casts a spell at you. You resist with almost no effort.
You closely miss Duvessa.
Duvessa is moderately wounded.
You feel very sick.
Duvessa hits you with a +3 short sword of venom.
You are more poisoned.
You sock Duvessa!
Duvessa is severely wounded.
You feel very sick.
Duvessa hits you with a +3 short sword of venom.
Dowan points at you and mumbles some strange words.
The puff of flame hits you but does no damage.
Duvessa hits you with a +3 short sword of venom.
You are more poisoned.
Dowan closely misses you.
You hit Dowan but do no damage. Your headbutt misses Dowan.
You feel very sick.
Duvessa hits you with a +3 short sword of venom.
You are lethally poisoned!
Dowan hits you but does no damage.
You closely miss Dowan. Your headbutt misses Dowan.
You feel extremely sick. Duvessa hits you but does no damage.
You are more poisoned.
Dowan hits you but does no damage.
You barely miss Dowan.
* * * LOW HITPOINT WARNING * * *
You feel extremely sick. Duvessa completely misses you.
Dowan closely misses you.
You barely miss Dowan.
* * * LOW HITPOINT WARNING * * *
You feel extremely sick. Duvessa misses you. Dowan hits you but does no damage.
It was a potion of flight.
You feel very buoyant.
You fly up into the air.
You die...

#.......#.......'...
....#..........#...
##..###.........#...
##.)#####..)††...#.##
#).###.###...†...###
#.###._.###.....##
#..###.###e.....##
##..#'#'#e.......###
####.@###...........##
#...'ee#............#.
#...#...............#.
#...#...............#.
#########...............#.
.............######.....'.
.............#....#.....#.
.............#....#.....#.
.............#....'.....#.


You could see Duvessa and Dowan.

Vanquished Creatures
  Grinder (D:3)
  An orc priest (D:4)
  Crazy Yiuf (D:2)
  Jessica (D:3)
  Terence (D:3)
  An iguana (D:4)
  7 gnolls
  6 adders
  2 dart slugs
  4 orcs (D:4)
  3 ball pythons
  3 bats
  2 endoplasms
  2 giant cockroaches (D:2)
  7 goblins
  9 hobgoblins
  A kobold (D:2)
  2 quokkas (D:1)
  3 frilled lizards
  3 rats
60 creatures vanquished.

Notes
Turn   | Place    | Note
-------+----------+-------------------------------------------
     0 | D:1      | Metae the Minotaur Fighter began the quest for the Orb.
     0 | D:1      | Reached XP level 1. HP: 19/19 MP: 0/0
   497 | D:1      | Reached XP level 2. HP: 26/27 MP: 1/1
  1147 | D:2      | Found a runed translucent door.
  1148 | D:2      | Noticed Crazy Yiuf
  1227 | D:2      | Reached XP level 3. HP: 33/33 MP: 2/2
  1530 | D:2      | Reached XP level 4. HP: 40/40 MP: 3/3
  1785 | D:2      | Killed Crazy Yiuf
  2031 | D:3      | Noticed Jessica
  2034 | D:3      | Killed Jessica
  2035 | D:3      | Reached XP level 5. HP: 46/47 MP: 4/4
  2057 | D:3      | Noticed Terence
  2061 | D:3      | Killed Terence
  2280 | D:3      | Noticed Grinder
  2287 | D:3      | Paralysed by Grinder for 5 turns
  2300 | D:3      | Paralysed by Grinder for 5 turns
  2308 | D:3      | Killed Grinder
  2309 | D:3      | Reached skill level 5 in Fighting
  2309 | D:3      | Reached skill level 5 in Armour
  2309 | D:3      | Reached skill level 5 in Shields
  2309 | D:3      | Reached XP level 6. HP: 56/56 MP: 5/5
  2445 | D:3      | Found Etrasoam's General Store.
  2452 | D:3      | Bought a scroll of identify for 28 gold pieces
  2687 | D:3      | Found a basalt altar of Yredelemnul.
  2736 | D:4      | Found a glowing golden altar of the Shining One.
  2888 | D:4      | Found a sparkling altar of Nemelex Xobeh.
  2933 | D:4      | Reached skill level 5 in Maces & Flails
  2950 | D:4      | Noticed Dowan
  2963 | D:4      | Noticed Duvessa
  2992 | D:4      | Succumbed to Duvessa's poison

Illustrated notes

Levels and vault maps discovered:
D:1:      reono_arrival_forest_river, layout_loops_corners
D:2:      layout_loops_corners, uniq_crazy_yiuf_cottage
D:3:      layout_loops_ring, marbit_many_paths, serial_shops, shop,
          uniq_grinder, uniq_terence, uniq_jessica
D:4:      layout_gridville, nemelex_diamond_rough_becter, tso_metal_star,
          worldfamousw_hep_ancestral_shrine, gammafunk_temple_overflow_wave,
          kennysheep_generic_room_16, uniq_duvessa, uniq_blork_the_orc

Skill      XL: |  1  2  3  4  5  6 |
---------------+-------------------+-----
Fighting       | 4 5 |  5.6
Armour         | 4 5 |  5.6
Shields        | 4 5 |  5.7
Maces & Flails | 3 4 5 |  5.0

Action                     |  1- 3 |  4- 6 || total
---------------------------+-------+-------++-------
  Melee: Flail             |    56 |    77 ||   133
         Headbutt          |     5 |    13 ||    18
    Use: Potion            |       |     1 ||     1
 Armour: Scale mail        |    11 |    18 ||    29
  Dodge: Dodged            |    32 |    57 ||    89
  Block: Buckler           |    14 |     9 ||    23
